 Dungeon Crawl Stone Soup version 0.20-a0-548-g4f8a798 (webtiles) character file.

114 Dharzhak the Sneak (level 4, 0/31 HPs)
             Began as a Vampire Enchanter on Feb 1, 2017.
             Slain by an ooze (1 damage)
             ... in a sewer.
             The game lasted 00:16:55 (3133 turns).

Dharzhak the Sneak (Vampire Enchanter)              Turns: 3133, Time: 00:16:56

Health: 0/31       AC:  2    Str:  7    XL:     4   Next: 67%
Magic:  7/7        EV: 13    Int: 17    God:
Gold:   200        SH:  0    Dex: 15    Spells: 2/8 levels left

rFire    . . .     SeeInvis +   e - +3 dagger (flame)
rCold    + . .     Gourm    .   b - +0 robe
rNeg     + + .     Faith    .   (no shield)
rPois    +         Spirit   .   (no helmet)
rElec    .         Reflect  .   (no cloak)
rCorr    .         Harm     .   (no gloves)
MR       .....                  (no boots)
Stlth    ++++......             (no amulet)
Regen    0.1/turn               (no ring)
                                (no ring)

@: regenerating slowly
A: fangs 3, see invisible, unbreathing
a: Bat Form


You were in a sewer.
You were thirsty.

You visited 1 branch of the dungeon, and saw 4 of its levels.
You also visited: Sewer.

You collected 200 gold pieces.

Inventory:

Hand Weapons
 e - a +3 dagger of flaming (weapon)
 p - a +2 dagger of venom
Missiles
 g - 12 tomahawks (quivered)
 o - 17 poisoned needles
Armour
 b - a +0 robe (worn)
Scrolls
 a - a scroll of noise {unknown}
 f - a scroll of amnesia {unknown}
 i - a scroll of enchant armour {unknown}
 j - a scroll of blinking
 m - a scroll of remove curse {unknown}
 n - a scroll of recharging {unknown}
Potions
 d - 25 potions of blood
 k - 2 potions of cure mutation {unknown}
 l - a potion of lignification {unknown}
 q - a potion of mutation {unknown}
Books
 c - a book of Maledictions

   Spells                             Type                      Level
   a - Corona                         Hexes                        1
   b - Ensorcelled Hibernation        Hexes/Ice                    2
   c - Confuse                        Hexes                        3
   d - Tukima's Dance                 Hexes                        3
   e - Dazzling Spray                 Conjuration/Hexes            3


   Skills:
 + Level 0.3 Fighting
 * Level 2.0 Short Blades
 + Level 2.5 Dodging
 * Level 6.0 Stealth
 + Level 2.6 Spellcasting
 + Level 5.1 Hexes
 + Level 0.8 Ice Magic


You had 2 spell levels left.
You knew the following spells:

 Your Spells              Type           Power        Failure   Level  Hunger
a - Corona                Hex            ###....      2%          1    #......
b - Ensorcelled Hibernat  Hex/Ice        ##....       10%         2    ##.....
c - Tukima's Dance        Hex            ###.....     10%         3    ###....


Dungeon Overview and Level Annotations

Branches:
Dungeon (4/15)
 Temple: D:4-7

Altars:


Innate Abilities, Weirdness & Mutations

You heal slowly.
You have razor-sharp teeth.
You have supernaturally acute eyesight. (SInv)
You can survive without breathing.


Message History

The river rat bites you.
* * * LOW HITPOINT WARNING * * *
The ooze completely misses you. The river rat bites you.
* * * LOW HITPOINT WARNING * * *
The river rat closely misses you. The river rat misses you.
You are feeling thirsty.
You hit the river rat. You burn the river rat.
The river rat is lightly wounded.
The river rat closely misses you. The ooze barely misses you.
You hit the river rat but do no damage.
The river rat is lightly wounded.
The river rat misses you. The ooze hits you.
* * * LOW HITPOINT WARNING * * *
You hit the river rat. You burn the river rat.
The river rat is heavily wounded.
The river rat closely misses you. The river rat barely misses you.
The ooze hits you.
You die...

##.....≈≈≈≈≈≈..##
#..#....≈≈≈≈≈..#
#.###...≈≈≈≈≈....
#∩###...≈≈≈≈≈≈....
####....≈≈≈≈≈≈.....
##...≈≈≈≈≈≈#....#
#.r...≈≈≈≈≈##.
##rrJ.≈≈≈≈≈≈≈
#..@r≈≈≈≈≈≈≈≈
#....≈≈≈≈≈≈≈≈
#.....≈≈≈≈≈≈≈
##...≈≈≈≈≈≈≈≈
#...≈≈≈≈≈≈≈≈
#....≈≈≈≈≈≈≈
##..≈≈≈≈≈≈≈
##+###≈≈≈ ≈≈≈


You could see an ooze, 3 river rats and a rat.

Vanquished Creatures
  3 adders
  5 worms
  3 dart slugs
  4 orcs (D:3)
  2 ball pythons (Sewer)
  2 giant cockroaches (D:3)
  4 goblins
  5 hobgoblins
  7 kobolds
  A quokka (D:2)
  9 bats
  7 frilled lizards
  15 rats
67 creatures vanquished.

Vanquished Creatures (collateral kills)
  An orc (D:3)
1 creature vanquished.

Vanquished Creatures (others)
  A dancing weapon (D:3)
  A bat (D:1)
2 creatures vanquished.

Grand Total: 70 creatures vanquished

Notes
Turn   | Place    | Note
-------+----------+-------------------------------------------
     0 | D:1      | Dharzhak the Vampire Enchanter began the quest for the Orb.
     0 | D:1      | Reached XP level 1. HP: 13/13 MP: 3/3
   327 | D:1      | Reached XP level 2. HP: 19/19 MP: 3/5
   522 | D:1      | Learned a level 2 spell: Ensorcelled Hibernation
  1280 | D:2      | Reached XP level 3. HP: 22/25 MP: 0/6
  1408 | D:2      | Reached skill level 5 in Stealth
  1839 | D:2      | Learned a level 3 spell: Tukima's Dance
  2147 | D:3      | Reached skill level 5 in Hexes
  2216 | D:3      | Reached XP level 4. HP: 30/31 MP: 7/7
  2719 | D:3      | Reached skill level 6 in Stealth
  2919 | D:4      | Found a glowing drain.
  2925 | Sewer    | Entered a sewer
  3132 | Sewer    | HP: 1/31 [ooze (2)]
  3133 | Sewer    | Slain by an ooze

Vault maps used:
D:1:      lightli_arrival_statue_moat, lemuel_old_faithful
D:4:      chequers_temple_overflow_statue_of_worship, evilmike_ruin_ashenzari,
          first_bread, lightli_sewer_entry_pipes, uniq_crazy_yiuf_cottage,
          uniq_robin, uniq_duvessa
Sewer:    sewer_minmay_treatment

Skill      XL: |  1  2  3  4 |
---------------+-------------+-----
Stealth        | 5 6 |  6.0
Hexes          | 5 |  5.1
Short Blades   | 2 |  2.0
Fighting       | |  0.3
Dodging        | |  2.5
Spellcasting   | |  2.6
Ice Magic      | |  0.8

Action                   |  1- 3 |  4- 6 || total
-------------------------+-------+-------++-------
Melee: Dagger            |   102 |    62 ||   164
       Bite              |     4 |     6 ||    10
Throw: Tomahawk          |     1 |       ||     1
 Cast: Corona            |    13 |     1 ||    14
       Ensorcelled Hiber |    14 |     2 ||    16
       Tukima's Dance    |     2 |     2 ||     4
  Use: Potion            |     5 |     3 ||     8
       Scroll            |       |     3 ||     3
 Stab: Sleeping          |    18 |     9 ||    27
       Distracted        |     1 |       ||     1
Armor: Robe              |    16 |     6 ||    22
Dodge: Dodged            |    69 |    36 ||   105
